 Dungeon Crawl Stone Soup version 0.24.0-125-gc4c63601f3 (webtiles) character file.

Game seed: 3474395177396437248, levelgen mode: deterministic

66228 BuffBuff the Severer (level 14, -5/198 HPs)
             Began as a Minotaur Berserker on Mar 19, 2020.
             Was the Champion of Trog.
             Slain by Donald
             ... wielding a +1 double sword of draining
              (24 damage)
             ... on level 2 of the Swamp.
             The game lasted 00:56:00 (19281 turns).

BuffBuff the Severer (Minotaur Berserker)          Turns: 19281, Time: 00:56:00

Health: -5/198     AC: 18    Str: 32    XL:     14   Next: 78%
Magic:  13/13      EV: 17    Int:  4    God:    Trog [******]
Gold:   1413       SH:  4    Dex: 10    Spells: 13/13 levels left

rFire    + . .     SeeInvis .   b - +4 executioner's axe (flame)
rCold    . . .     Gourm    .   (shield currently unavailable)
rNeg     . . .     Faith    .   G - +1 storm dragon scales
rPois    .         Spirit   .   z - +0 hat
rElec    +         Reflect  +   K - +0 cloak {rF+}
rCorr    .         Harm     .   d - +0 pair of gloves
MR       ++...                  (no boots)
Stlth    ..........             T - +4 amulet of reflection
HPRegen  0.43/turn              I - +4 ring of evasion
MPRegen  0.13/turn              n - ring of protection from magic

@: berserking (expiring), very heavily drained, very quick
A: retaliatory headbutt, horns 2
a: Berserk, Trog's Hand, Brothers in Arms, Renounce Religion


You were on level 2 of the Swamp.
You worshipped Trog.
Trog was exalted by your worship.
You were hungry.

You visited 3 branches of the dungeon, and saw 20 of its levels.
You also visited: Ossuary and Volcano.

You collected 1413 gold pieces.

Inventory:

Hand Weapons
 a - a +8 battleaxe of chopping
 b - a +4 executioner's axe of flaming (weapon)
Missiles
 k - 46 poisoned darts (quivered)
Armour
 d - a +0 pair of gloves (worn)
 z - a +0 hat (worn)
 G - +1 storm dragon scales (worn)
 K - a +0 cloak of fire resistance (worn)
Jewellery
 l - an uncursed ring of resist corrosion
 n - a ring of protection from magic (right hand)
 w - an uncursed ring of positive energy
 I - a +4 ring of evasion (left hand)
 R - an uncursed ring of flight
 T - a +4 amulet of reflection (around neck)
Wands
 e - a wand of random effects (46)
 t - a wand of enslavement (19)
 v - a wand of flame (60)
 A - a wand of digging (8)
 B - a wand of acid (7)
 F - a wand of paralysis (6)
Scrolls
 g - 6 scrolls of blinking
 q - a scroll of identify
 r - a scroll of acquirement
 u - 6 scrolls of teleportation
 x - 2 scrolls of fear
 y - 9 scrolls of remove curse
 H - a scroll of magic mapping
Potions
 f - 4 potions of flight
 h - 4 potions of curing
 i - 3 potions of brilliance
 j - 4 potions of haste
 o - 3 potions of agility
 p - 2 potions of resistance {unknown}
 s - 5 potions of might
 D - 2 potions of lignification
 E - 3 potions of ambrosia
 J - 2 potions of cancellation
 L - a potion of berserk rage {unknown}
 Q - a potion of invisibility {unknown}
Comestibles
 c - 39 rations
 m - 5 chunks of flesh


   Skills:
 + Level 14.2(10.1) Fighting
 * Level 18.8(14.2) Axes
 + Level 14.0(9.8) Armour
 + Level 13.0(8.9) Dodging


You had 13 spell levels left.
You didn't know any spells.
Your spell library was empty.

Dungeon Overview and Level Annotations

Branches:
Dungeon (12/15)            Temple (0/1) D:5            Lair (6/6) D:9
  Swamp (2/4) Lair:3       Spider (0/4) Lair:2        Slime (0/5) Lair:5
    Orc (0/2) D:9         Ossuary (visited)         Volcano (visited)

Altars:
Dithmenos
Fedhas
Gozag
Hepliaklqana
Nemelex Xobeh
Wu Jian
Xom
Beogh

Shops:
D:5 *

Annotations:
Swamp:2 Donald


Innate Abilities, Weirdness & Mutations

You reflexively headbutt those who attack you in melee.
You have a pair of horns on your head.


Message History

Donald blocks your attack.
Donald is lightly wounded.
You block Donald's attack. Donald blocks your attack. x2
Donald is lightly wounded.
Donald hits you with a +1 double sword of draining!
* * * LOW HITPOINT WARNING * * *
You feel drained.
* * * LOW HITPOINT WARNING * * *
You are too berserk!
Donald blocks your attack.
You headbutt Donald!
Donald is moderately wounded.
Donald hits you with a +1 double sword of draining!!
* * * LOW HITPOINT WARNING * * *
You feel drained.
* * * LOW HITPOINT WARNING * * *
Donald blocks your attack.
You headbutt Donald!
Donald is moderately wounded.
Donald hits you with a +1 double sword of draining!!
You die...

≈..#.....#♣♣♣ ♣.....≈♣ ♣♣♣
...######...♣ ♣......♣≈≈.♣
...........≈♣♣♣♣♣♣......≈..♣
.≈†≈♣....≈♣♣≈..♣♣♣♣....≈.♣♣♣
≈≈..≈...≈§♣.≈≈≈.♣...≈≈..§♣
♣.≈.≈..≈≈...≈≈≈.♣.)≈≈≈≈.♣♣
♣..♣♣.......≈≈≈.♣.).≈≈≈....
≈†.............♣@.≈♣≈....≈♣
...≈.(≈≈≈≈≈≈.≈♣≈@..≈.≈≈≈.♣♣
≈≈≈≈≈≈≈≈≈≈≈≈.≈≈.≈≈≈♣.≈≈≈.≈♣
.≈≈≈§..≈≈≈≈≈.♣....♣♣..≈≈.♣♣
......≈≈.≈≈..≈..≈♣♣ .≈≈≈.≈
≈≈≈≈≈≈≈≈......≈.♣♣ ≈≈≈§.
≈≈≈≈≈.♣♣......♣♣ ≈≈≈.♣♣♣♣
≈≈≈≈≈.♣ ...... ≈..≈.≈♣ ♣
≈≈≈≈.♣♣ .≈♣.. ≈≈≈≈≈.≈♣♣
≈≈≈§.♣ ≈≈≈≈≈≈...


You could see Donald.

Vanquished Creatures
  A very ugly thing (Swamp:2)
  2 dire elephants (Lair:6)
  A red draconian (Volcano)
  Harold (D:7)
  A catoblepas (Lair:6)
  10 hydras
  A centaur warrior (Volcano)
  3 two-headed ogres
  A deep troll shaman (Lair:6)
  10 death yaks (Lair:6)
  8 alligators
  Pikel (D:9)
  2 swamp dragons
  An orb spider (Lair:2)
  A cyclops (D:12)
  Joseph (D:7)
  9 elephants (Lair:6)
  10 black mambas
  Psyche (D:9)
  10 spiny frogs
  A torpor snail (Lair:6)
  A kobold demonologist (D:11)
  A rime drake (Lair:4)
  4 komodo dragons
  5 polar bears
  3 slime creatures (Lair:5)
  4 tyrant leeches
  3 hornets (Swamp:2)
  8 dream sheep
  17 blink frogs
  4 bog bodies
  6 hippogriffs
  Sigmund (D:6)
  3 shadows
  4 spriggans
  6 yaks
  4 basilisks
  A steam dragon (Lair:2)
  9 swamp worms
  9 vampire mosquitoes
  5 insubstantial wisps (Swamp:2)
  Duvessa (D:7)
  10 water moccasins
  7 porcupines
  2 hell hounds (Lair:3)
  A black bear (D:7)
  An ice beast (D:5)
  2 orc warriors
  2 swamp drakes
  A necrophage (D:9)
  A sky beast (D:6)
  A slave (D:9)
  24 wolves
  8 centaurs
  A phantom (D:5)
  5 ogres
  10 crocodiles
  3 big kobolds
  12 bullfrogs
  Dowan (D:7)
  2 scorpions
  6 killer bees (D:10)
  7 howler monkeys
  5 wights (D:9)
  An electric eel (Lair:4)
  5 crimson imps
  2 centaur zombies
  7 hounds
  2 jellies
  9 orc priests
  6 centaur skeletons
  8 orc wizards
  6 iguanas
  4 worker ants
  Natasha (thrice) (D:2)
  A big kobold zombie (Ossuary)
  A hound zombie (D:5)
  5 mummies (Ossuary)
  A howler monkey zombie (D:11)
  3 gnolls (D:11)
  6 adders
  2 shadow imps
  An ooze (D:1)
  An adder zombie (D:5)
  A worm (D:5)
  4 dart slugs
  3 leopard geckos
  74 orcs
  5 giant cockroaches
  A gnoll zombie (Ossuary)
  10 goblins
  2 hobgoblins (D:2)
  18 jackals
  7 quokkas
  3 bats
  6 frilled lizards
  2 goblin zombies (Ossuary)
  2 hobgoblin zombies (Ossuary)
  14 kobolds
  An orc zombie (Ossuary)
  A quokka zombie (D:8)
  5 rats
  3 fungi
  A plant (Lair:6)
524 creatures vanquished.

Vanquished Creatures (others)
  A bush (Lair:6)
  2 fungi (Lair:6)
  3 plants
6 creatures vanquished.

Grand Total: 530 creatures vanquished

Notes
Turn   | Place    | Note
-------+----------+-------------------------------------------
     0 | D:1      | BuffBuff the Minotaur Berserker began the quest for the
                  | Orb.
     0 | D:1      | Reached XP level 1. HP: 19/19 MP: 0/0
   192 | D:1      | Reached XP level 2. HP: 23/27 MP: 1/1
   210 | D:1      | Reached skill level 4 in Axes
   492 | D:1      | Reached XP level 3. HP: 30/33 MP: 2/2
   864 | D:2      | Reached ** piety under Trog
   887 | D:2      | You fall into a shaft and drop 1 floor!
   909 | D:3      | Reached XP level 4. HP: 40/40 MP: 3/3
  1004 | D:3      | Reached skill level 5 in Axes
  1043 | D:2      | Noticed Natasha
  1050 | D:2      | Killed Natasha
  1081 | D:2      | Noticed Natasha
  1113 | D:2      | Killed Natasha
  1113 | D:2      | Reached XP level 5. HP: 47/47 MP: 4/4
  1132 | D:2      | Noticed Natasha
  1142 | D:2      | Killed Natasha
  1211 | D:2      | Found a sparkling altar of Nemelex Xobeh.
  1899 | D:3      | Reached XP level 6. HP: 55/55 MP: 5/5
  1913 | D:3      | Found a hazy altar of Hepliaklqana.
  1935 | D:3      | Reached skill level 6 in Axes
  2342 | D:4      | Reached skill level 5 in Fighting
  2370 | D:4      | Noticed an orc warrior
  2377 | D:4      | Killed an orc warrior
  2384 | D:4      | Reached XP level 7. HP: 19/61 MP: 6/6
  2385 | D:4      | Reached *** piety under Trog
  2467 | D:4      | Reached skill level 7 in Axes
  2844 | D:4      | Reached skill level 5 in Armour
  3325 | D:5      | Entered Level 5 of the Dungeon
  3350 | D:5      | Found an ornate altar of the Wu Jian Council.
  3604 | D:5      | Reached skill level 5 in Dodging
  3634 | D:5      | Found a staircase to the Ecumenical Temple.
  3648 | D:5      | Reached skill level 8 in Axes
  3648 | D:5      | Reached XP level 8. HP: 67/70 MP: 7/7
  3734 | D:5      | Reached **** piety under Trog
  4196 | D:5      | Reached skill level 9 in Axes
  4210 | D:5      | Found Teene's Assorted Antiques.
  4219 | D:6      | Found a shimmering altar of Xom.
  4268 | D:6      | Noticed Sigmund
  4280 | D:6      | Killed Sigmund
  4631 | D:6      | Reached XP level 9. HP: 68/79 MP: 8/8
  4666 | D:6      | Found a sand-covered staircase.
  4672 | Ossuary  | Entered an ossuary
  5267 | D:7      | Reached skill level 10 in Axes
  5297 | D:7      | Noticed Harold
  5317 | D:7      | Killed Harold
  5621 | D:7      | Noticed Dowan
  5626 | D:7      | Killed Dowan
  5629 | D:7      | Noticed Duvessa
  5644 | D:7      | Killed Duvessa
  5712 | D:7      | Noticed Joseph
  5726 | D:7      | Reached ***** piety under Trog
  5745 | D:7      | Killed Joseph
  5745 | D:7      | Reached skill level 11 in Axes
  5946 | D:7      | Found a blossoming altar of Fedhas.
  6247 | D:8      | Reached XP level 10. HP: 90/90 MP: 9/9
  6516 | D:8      | Identified the cursed +0 hunting sling "Demonslayer"
                  | {freeze, *Corrode rF+ Int+2 SInv}
  6583 | D:8      | Found a blossoming altar of Fedhas.
  6787 | D:8      | Noticed a two-headed ogre
  6793 | D:8      | Killed a two-headed ogre
  6793 | D:8      | Reached skill level 12 in Axes
  7006 | D:9      | Noticed Pikel
  7017 | D:9      | Killed Pikel
  7022 | D:9      | Found a staircase to the Lair.
  7378 | D:9      | Noticed a two-headed ogre
  7385 | D:9      | Killed a two-headed ogre
  7448 | D:9      | Noticed Psyche
  7464 | D:9      | Killed Psyche
  7509 | D:9      | Found a roughly hewn altar of Beogh.
  7509 | D:9      | Found a staircase to the Orcish Mines.
  7899 | D:10     | Entered Level 10 of the Dungeon
  8005 | D:10     | Reached XP level 11. HP: 94/99 MP: 10/10
  8009 | D:10     | Reached skill level 13 in Axes
  8538 | D:11     | Identified a scroll of acquirement
  8782 | D:11     | Reached skill level 10 in Fighting
  9040 | D:11     | Noticed a two-headed ogre
  9054 | D:11     | Killed a two-headed ogre
  9507 | D:12     | Reached skill level 10 in Armour
  9600 | Lair:1   | Entered Level 1 of the Lair of Beasts
  9614 | Lair:1   | Received a gift from Trog
  9829 | Lair:1   | Reached skill level 14 in Axes
  9971 | Lair:1   | Found a hazy altar of Hepliaklqana.
 10502 | Lair:2   | Found a hole to the Spider Nest.
 10502 | Lair:2   | Noticed an orb spider
 10712 | Lair:2   | Killed an orb spider
 10948 | Lair:2   | Noticed a six-headed hydra
 10958 | Lair:2   | Killed a six-headed hydra
 10958 | Lair:2   | Reached skill level 10 in Dodging
 10958 | Lair:2   | Reached XP level 12. HP: 75/110 MP: 11/11
 11248 | Lair:2   | Identified the Handbook of the Traveller
 11403 | Lair:3   | Found a dark tunnel.
 11417 | Volcano  | Entered a volcano
 11483 | Volcano  | Noticed a centaur warrior
 11492 | Volcano  | Killed a centaur warrior
 11534 | Volcano  | Noticed a red draconian
 11551 | Volcano  | Killed a red draconian
 11551 | Volcano  | Reached skill level 15 in Axes
 12123 | Lair:3   | Found a staircase to the Swamp.
 12514 | Lair:4   | Found an opulent altar of Gozag.
 12870 | Lair:4   | Reached ****** piety under Trog
 13069 | Lair:5   | Found a shadowy altar of Dithmenos.
 13296 | Lair:5   | Noticed an eight-headed hydra
 13307 | Lair:5   | Killed a two-headed hydra
 13367 | Lair:5   | Reached skill level 16 in Axes
 13379 | Lair:5   | Found a staircase to the Slime Pits.
 13689 | Lair:5   | Received a gift from Trog
 13760 | Lair:5   | You fall into a shaft and drop 1 floor!
 13760 | Lair:6   | Entered Level 6 of the Lair of Beasts
 13760 | Lair:6   | Noticed an eight-headed hydra
 13763 | Lair:6   | Killed a six-headed hydra
 13763 | Lair:6   | Reached XP level 13. HP: 88/118 MP: 12/12
 14981 | Lair:6   | Reached skill level 17 in Axes
 15505 | Lair:6   | Noticed a dire elephant
 15515 | Lair:6   | Killed a dire elephant
 15659 | Lair:6   | Received a gift from Trog
 16208 | Lair:6   | Reached XP level 14. HP: 120/129 MP: 13/13
 16683 | Lair:6   | Reached skill level 18 in Axes
 16995 | Swamp:1  | Entered Level 1 of the Swamp
 18449 | Swamp:2  | Noticed a purple very ugly thing
 18958 | Swamp:2  | Killed a purple very ugly thing
 19262 | Swamp:2  | Noticed Donald
 19281 | Swamp:2  | Slain by Donald

Levels and vault maps discovered:
D:1:      sevenhm_arrival_forest_fort_large_4, layout_basic, item_on_display_a
D:2:      layout_rooms, lemuel_coloured_pillars_altar, uniq_natasha
D:3:      layout_loops_cross, overflow_temple_1_default, first_ration,
          hangedman_decor_points
D:4:      layout_basic, kennysheep_generic_room_14
D:5:      layout_basic, lemuel_doored_altar, minmay_temple_entry_waves,
          serial_shops, kennysheep_mini
D:6:      layout_basic, nicolae_ossuary_entry_plus, xom_teletrap_fun,
          uniq_sigmund
D:7:      layout_loops_ring, overflow_temple_1_default, grunt_ogre_cave,
          uniq_harold, uniq_joseph, uniq_duvessa
D:8:      layout_loops_ring, grunt_ministairs_2, fedhas_altar_4
D:9:      layout_roguey, dpeg_oklobed_lair, david_orc_5, uniq_psyche, uniq_pikel
D:10:     layout_irregular_city
D:11:     layout_loops_cross
D:12:     layout_basic
Lair:1:   layout_roguey, basic_altar, grunt_megastairs_3, serial_bayou_shore_a,
          lemuel_fruit_tree
Lair:2:   layout_chaotic_city, nicolae_spider_entry_orb_guardian,
          serial_bayou_lagoon_a
Lair:3:   layout_big_grid, minmay_swamp_entry_worms, enter_volcano_3
Lair:4:   layout_loops_ring, basic_altar, infiniplex_staircase_pool
Lair:5:   layout_regular_city, minmay_slime_entry_pillars, basic_altar,
          chequers_serial_rivers_small_b, lemuel_fruit_fields
Lair:6:   grunt_lair_end_beastmaster, layout_big_grid,
          grunt_forest_large_clearing_hut
Swamp:1:  layout_falls_marsh, nicolae_swamp_treefoil
Swamp:2:  layout_basic_swamp, evilmike_swamp_ruin_house_2, swamp_pool2,
          kb_tengu_band, uniq_donald

Skill      XL: |  1  2  3  4  5  6  7  8  9 10 11 12 13 14 |
---------------+-------------------------------------------+-----
Axes           | 4 5 6 8 9 11 12 14 16 17 18 | 18.8
Fighting       | 4 5 6 7 8 9 11 12 13 14 | 14.2
Armour         | 3 4 5 6 8 9 10 12 13 14 | 14.0
Dodging        | 3 4 5 6 7 8 10 11 12 13 | 13.0

Action                   |  1- 3 |  4- 6 |  7- 9 | 10-12 | 13-15 || total
-------------------------+-------+-------+-------+-------+-------++-------
Melee: Hand axe          |    85 |    98 |       |       |       ||   183
       Headbutt          |    17 |    24 |    64 |    92 |    91 ||   288
       Unarmed           |       |     2 |       |       |       ||     2
       War axe           |       |    38 |   302 |   147 |       ||   487
       Battleaxe         |       |       |       |   367 |   100 ||   467
       Quarterstaff      |       |       |       |     5 |       ||     5
       Executioner's axe |       |       |       |     3 |   264 ||   267
Invok: Berserk           |       |     1 |     3 |     2 |     4 ||    10
Evoke: Wand              |       |       |       |       |     1 ||     1
  Use: Scroll            |       |     4 |     6 |    14 |    10 ||    34
       Potion            |       |       |       |       |     1 ||     1
 Stab: Petrified         |       |       |       |       |     4 ||     4
       Petrifying        |       |       |       |       |     2 ||     2
       Confused          |       |       |       |       |     1 ||     1
  Eat: Chunk             |       |     4 |    14 |    26 |    14 ||    58
       Ration            |       |       |     1 |       |     2 ||     3
Armor: Plate armour      |    59 |    68 |   124 |       |       ||   251
       Storm dragon scal |       |       |    35 |   229 |   231 ||   495
Dodge: Dodged            |    39 |    39 |   116 |   435 |   410 ||  1039
Block: Other             |       |       |       |       |    32 ||    32
